 Dungeon Crawl Stone Soup version 0.28.0-53-g5a82cb258f (webtiles) character file.

Game seed: 6981377712258547953

3705 Revguard the Blocker (level 9, -9/78 HPs)
             Began as a Minotaur Fighter on July 29, 2022.
             Was a Priest of Zin.
             Mangled by an orc warrior
             ... wielding a +0 long sword
              (16 damage)
             ... on level 9 of the Dungeon.
             The game lasted 00:21:39 (9052 turns).

Revguard the Blocker (Minotaur Fighter)             Turns: 9052, Time: 00:21:40

Health: -9/78      AC: 12    Str: 24    XL:     9   Next: 91%
Magic:  11/12      EV:  7    Int:  7    God:    Zin [***...]
Gold:   399        SH: 12    Dex: 15    Spells: 8/8 levels left

rFire   . . .      SeeInvis +   a - +1 war axe
rCold   . . .      Faith    .   o - +1 kite shield
rNeg    + . .      Spirit   .   n - +0 plate armour
rPois   ∞          Reflect  .   (helmet restricted)
rElec   .          Harm     .   (no cloak)
rCorr   .          Rampage  .   (no gloves)
Will    .....                   (no boots)
Stlth   ..........              (no amulet)
HPRegen 0.23/turn               h - ring of positive energy
MPRegen 0.13/turn               t - ring of see invisible

@: vitalised, on recite cooldown
A: horns 2, retaliatory headbutt
a: Renounce Religion, Recite, Vitalisation, Imprison, Donate Gold


You were on level 9 of the Dungeon.
You worshipped Zin.
Zin was most pleased with you.
You visited 2 branches of the dungeon, and saw 10 of its levels.

You collected 443 gold pieces.
You donated 44 gold pieces to Zin.

Inventory:

Hand Weapons
 a - a +1 war axe (weapon)
Armour
 n - a +0 plate armour (worn)
 o - a +1 kite shield (worn)
Jewellery
 g - a ring of magical power
 h - a ring of positive energy (left hand)
 k - a ring of wizardry
 r - a +6 ring of intelligence
 t - a ring of see invisible (right hand)
Wands
 e - a wand of flame (51) (quivered)
 v - a wand of charming (7)
 x - a wand of iceblast (12)
Scrolls
 c - 2 scrolls of amnesia
 d - a scroll of fog
 f - 2 scrolls of summoning
 i - 3 scrolls of immolation
 j - 5 scrolls of teleportation
 q - 2 scrolls of enchant weapon
 w - 3 scrolls of identify
Potions
 b - 4 potions of flight
 l - 2 potions of curing
 m - 2 potions of ambrosia
 p - a potion of brilliance
 u - a potion of lignification
 z - a potion of haste


   Skills:
 + Level 6.5 Fighting
 * Level 8.0 Axes
 + Level 6.5 Armour
 + Level 4.6 Dodging
 * Level 8.3 Shields
 * Level 6.3 Invocations
 + Level 3.9 Evocations


You had 8 spell levels left.
You didn't know any spells.
Your spell library contained the following spells:

 Spells                   Type           Power      Damage    Failure   Level
 Magic Dart               Conj           0%         1d3       100%        1
 Call Imp                 Summ           0%         N/A       100%        2
 Searing Ray              Conj           0%         2d4       100%        2
 Ignite Poison            Fire/Tmut/Pois 0%         N/A       100%        3
 Mephitic Cloud           Conj/Pois/Air  0%         N/A       100%        3
 Ozocubu's Armour         Ice            0%         N/A       100%        3
 Fulminant Prism          Conj/Hex       0%         3d6       100%        4
 Freezing Cloud           Conj/Ice/Air   0%         6-21      100%        5
 Ozocubu's Refrigeration  Ice            0%         4d5       100%        7


Dungeon Overview and Level Annotations

Branches:
Dungeon (9/15)             Temple (1/1) D:5
   Lair: D:8-11         Orc: D:9-12

Altars:
Ashenzari
Cheibriados
Dithmenos
Elyvilon
Fedhas
Gozag
Hepliaklqana
Kikubaaqudgha
Makhleb
Nemelex Xobeh
Okawaru
Qazlal
Ru
Sif Muna
Trog
Uskayaw
Vehumet
Wu Jian
Xom
Yredelemnul
Zin

Shops:
D:4 *


Innate Abilities, Weirdness & Mutations

You have a pair of horns on your head.
You reflexively headbutt those who attack you in melee.


Message History

Things that are here:
a +0 dagger; a +0 robe You hit the orc priest.
You headbutt the orc priest, but do no damage.
The orc priest is lightly wounded.
You barely miss the orc wizard. You barely miss the orc warrior.
The orc priest looks satisfied for a moment.
The orc warrior hits you with a +0 long sword!
* * * LOW HITPOINT WARNING * * *
The orc wizard closely misses you. You furiously retaliate!
You headbutt the orc wizard! You hit the orc priest.
You headbutt the orc priest!
The orc priest is almost dead.
You slash the orc warrior! You closely miss the orc wizard.
The orc priest hits you but does no damage.
The orc warrior hits you but does no damage.
You block the orc wizard's attack.
The orc priest calls upon Beogh to heal the orc warrior.
The orc wizard is healed somewhat.
You completely miss the orc priest.
The orc priest is almost dead.
You hit the orc warrior but do no damage.
You barely miss the orc wizard.
The orc priest stops glowing.
The orc warrior hits you with a +0 long sword.
* * * LOW HITPOINT WARNING * * *
The orc wizard hits you but does no damage.
The orc priest looks satisfied for a moment.
The orc warrior hits you with a +0 long sword.
* * * LOW HITPOINT WARNING * * *
You hit the orc priest.
You kill the orc priest!
You closely miss the orc warrior. You closely miss the orc wizard.
You block the orc wizard's attack. You block the orc warrior's attack.
The orc wizard barely misses you. You furiously retaliate!
You headbutt the orc wizard. You slash the orc wizard!
You kill the orc wizard!
You barely miss the orc warrior.
The orc warrior hits you with a +0 long sword!
You die...

##+####.....#
#...........#########
#.........)..)$.....#
#.......))).))......#
#....÷..))#.........#
#.........######..<.$
#.........######.....
##'######)o....+ ....
#.# #@)....# ...
#########.# #).....#
### ..........#
#......#
################.######
#.............#..
#.###########.#..
#.#<.....# #.#..
#.######.# #.#..# #.#
#.####.#


You could see an orc warrior.

Vanquished Creatures
  Joseph (D:8)
  A troll (D:9)
  A wyvern (D:9)
  A water moccasin (D:5)
  3 orc warriors
  An ice beast (D:8)
  A black bear (D:8)
  A necrophage (D:6)
  A sky beast (D:7)
  2 ogres
  A centaur (D:9)
  2 kobold brigands
  6 bullfrogs
  A gnoll sergeant (D:8)
  A scorpion (D:3)
  2 water moccasin skeletons (D:5)
  3 wights (D:6)
  2 howler monkeys (D:8)
  A jelly (D:7)
  A centaur skeleton (D:7)
  2 hounds (D:5)
  A gnoll shaman (D:6)
  5 orc priests
  4 iguanas
  3 iron imps (D:5)
  13 orc wizards
  7 adders
  7 gnolls
  A shadow imp (D:3)
  2 white imps
  An adder skeleton (D:4)
  3 worms
  3 dart slugs
  39 orcs
  5 ball pythons
  3 endoplasms
  2 hobgoblins (D:2)
  2 jackals (D:3)
  17 kobolds
  10 quokkas
  2 bats
  2 frilled lizards (D:2)
  4 rats
171 creatures vanquished.

Vanquished Creatures (others)
  A plant (D:4)
1 creature vanquished.

Grand Total: 172 creatures vanquished

Notes
Turn   | Place    | Note
-------+----------+-------------------------------------------
     0 | D:1      | Revguard the Minotaur Fighter began the quest for the Orb.
     0 | D:1      | Reached XP level 1. HP: 19/19 MP: 0/0
   723 | D:2      | Reached XP level 2. HP: 15/27 MP: 1/1
   923 | D:2      | Reached skill level 1 in Invocations
  1126 | D:2      | Reached XP level 3. HP: 26/33 MP: 2/2
  2134 | D:3      | Reached XP level 4. HP: 38/40 MP: 4/4
  2153 | D:3      | Reached skill level 1 in Dodging
  2302 | D:3      | Noticed a scorpion
  2309 | D:3      | Killed a scorpion
  2310 | D:3      | Reached skill level 1 in Evocations
  2498 | D:4      | Reached XP level 5. HP: 38/46 MP: 5/5
  2954 | D:4      | Found a faded altar of an unknown god.
  2954 | D:4      | Found a faded altar of an unknown god.
  2956 | D:4      | Found a hazy altar of Hepliaklqana.
  3187 | D:4      | Found Itatoown's Neck Hole.
  3190 | D:4      | You fall into a shaft and drop 1 floor!
  3190 | D:5      | Entered Level 5 of the Dungeon
  3249 | D:5      | Found a staircase to the Ecumenical Temple.
  3258 | Temple   | Entered the Ecumenical Temple
  3322 | Temple   | Became a worshipper of Elyvilon the Healer
  3375 | D:5      | Noticed an ogre
  3382 | D:5      | Killed an ogre
  3383 | D:5      | Reached XP level 6. HP: 53/53 MP: 6/6
  3668 | D:5      | Noticed an orc warrior
  3691 | D:5      | Killed an orc warrior
  3692 | D:5      | Reached skill level 5 in Shields
  3692 | D:5      | Reached XP level 7. HP: 22/60 MP: 8/8
  3702 | D:5      | HP: 3/60 [orc wizard/puff of flame (6)]
  4219 | D:5      | Found a glowing silver altar of Zin.
  4219 | D:5      | Noticed an angel
  4227 | D:5      | Fell from the grace of Elyvilon
  4227 | D:5      | Became a worshipper of Zin the Law-Giver
  4227 | D:5      | Reached * piety under Zin
  4524 | D:5      | Reached skill level 5 in Axes
  4570 | D:5      | Found a burning altar of Makhleb.
  4584 | D:5      | Reached skill level 5 in Fighting
  4584 | D:5      | Reached skill level 5 in Armour
  4921 | D:6      | Reached XP level 8. HP: 29/65 MP: 8/10
  5456 | D:6      | Reached ** piety under Zin
  6516 | D:7      | Found a shimmering altar of Xom.
  6677 | D:7      | Found a sparkling altar of Nemelex Xobeh.
  6677 | D:7      | Found a snail-covered altar of Cheibriados.
  6679 | D:7      | Found a sacrificial altar of Ru.
  6679 | D:7      | Found an opulent altar of Gozag.
  6681 | D:7      | Found a stormy altar of Qazlal.
  6681 | D:7      | Found a broken altar of Ashenzari.
  6682 | D:7      | Found a shimmering blue altar of Sif Muna.
  6701 | D:7      | Reached skill level 5 in Invocations
  7101 | D:8      | Reached XP level 9. HP: 72/75 MP: 8/11
  7720 | D:8      | Reached *** piety under Zin
  7781 | D:8      | Noticed Joseph
  7795 | D:8      | Killed Joseph
  8726 | D:9      | Noticed a troll
  8741 | D:9      | Killed a troll
  9052 | D:9      | Mangled by an orc warrior

Illustrated notes

Levels and vault maps discovered:
D:1:      dpeg_arrival_round_a, layout_basic, serial_glass, glass_columns_a,
          glass_columns_c
D:2:      layout_loops_ring
D:3:      layout_basic, grunt_decor_fettered
D:4:      layout_basic, nicolae_hepliaklqana_ecumenical_no_more,
          nicolae_shop_sticking_my_neck_out
D:5:      layout_basic, zin_angel, demons_altar,
          minmay_temple_entry_statues_fountains, chequers_garden
D:6:      layout_loops_corners, grunt_ministairs_6
D:7:      layout_gridville, mainiacjoe_overflow_paths,
          grunt_temple_overflow_open
D:8:      layout_gridville, grunt_ministairs_6, chequers_serial_rivers_marsh,
          uniq_joseph
D:9:      layout_basic, uniq_psyche
Temple:   cyrus_temple_forest

Skill      XL: |  1  2  3  4  5  6  7  8  9 |
---------------+----------------------------+-----
Invocations    | 1 2 3 4 5 6 |  6.3
Armour         | 4 5 6 |  6.5
Axes           | 3 4 5 6 8 |  8.0
Fighting       | 4 5 6 |  6.5
Dodging        | 1 2 3 4 |  4.6
Shields        | 4 5 6 7 8 |  8.3
Evocations     | 1 2 3 |  3.9

Action                   |  1- 3 |  4- 6 |  7- 9 || total
-------------------------+-------+-------+-------++-------
Melee: War axe           |    87 |   103 |   289 ||   479
       Headbutt          |     9 |    20 |    52 ||    81
Invok: Recite            |       |       |    12 ||    12
       Vitalisation      |       |       |     2 ||     2
Evoke: Wand              |       |     9 |     6 ||    15
  Use: Scroll            |       |     8 |    13 ||    21
       Potion            |       |     3 |     2 ||     5
 Stab: Confused          |       |       |     1 ||     1
Armor: Scale mail        |    32 |       |       ||    32
       Plate armour      |     9 |    66 |   152 ||   227
Dodge: Dodged            |    39 |    14 |    63 ||   116
Block: Buckler           |    15 |       |       ||    15
       Kite shield       |     3 |    57 |   184 ||   244
